 Dungeon Crawl Stone Soup version 0.29.1-1-gd02db6906a (webtiles) character file.

Game seed: 11860196726400217568

583 Danto the Twirler (level 7, -13/67 HPs)
             Began as a Troll Berserker on Oct 3, 2022.
             Was an Initiate of Makhleb.
             Mangled by a polar bear (15 damage)
             ... created by the rage of Trog
             ... on level 5 of the Dungeon.
             The game lasted 00:20:23 (2589 turns).

Danto the Twirler (Troll Berserker)                 Turns: 2589, Time: 00:20:23

Health: -13/67     AC:  7    Str: 30    XL:     7   Next: 14%
Magic:  6/6        EV: 14    Int:  3    God:    Makhleb [......]
Gold:   133        SH:  5    Dex: 11    Spells: 6/6 levels left

rFire   . . .      SeeInvis .   j - +4 quarterstaff (chaos)
rCold   . . .      Faith    .   (shield currently unavailable)
rNeg    + . .      Spirit   .   u - +2 robe of the Lizard {rN+ Str+2 Dex+2}
rPois   .          Reflect  +   (helmet restricted)
rElec   .          Harm     .   k - +0 cloak
rCorr   .          Rampage  .   (gloves unavailable)
Will    .....                   (boots unavailable)
Stlth   +.........              i - amulet of reflection
HPRegen 1.01/turn               g - +4 ring of evasion
MPRegen 0.10/turn               (no ring)

@: no status effects
A: large, unfitting armour, claws 3, regeneration 1, shaggy fur 1, tough skin 1
a: Renounce Religion


You were on level 5 of the Dungeon.
You worshipped Makhleb.
Makhleb was noncommittal.
You visited 2 branches of the dungeon, and saw 6 of its levels.

You collected 217 gold pieces.
You spent 84 gold pieces at shops.

Inventory:

Hand Weapons
 j - a +4 quarterstaff of chaos (weapon)
 l - the +6 hammer of Qazlal's Supremacy {vamp, rPois}
   (You found it on level 2 of the Dungeon)

   It occasionally heals its wielder for a portion of the damage dealt when it
   wounds a living foe.
   rPois:     It protects you from poison.
Missiles
 p - 38 stones (quivered)
Armour
 k - a +0 cloak (worn)
 u - the +2 robe of the Lizard (worn) {rN+ Str+2 Dex+2}
   (You found it on level 4 of the Dungeon)

   Str:       It affects your strength (+2).
   Dex:       It affects your dexterity (+2).
   rN:        It protects you from negative energy.
Jewellery
 g - a +4 ring of evasion (left claw)
 i - an amulet of reflection (around neck)
Scrolls
 a - a scroll of acquirement {unknown}
 m - a scroll of vulnerability
 o - 2 scrolls of fear
 s - a scroll of teleportation
 v - a scroll of identify
 w - a scroll of enchant weapon {unknown}
Potions
 b - 3 potions of attraction
 c - 3 potions of degeneration {unknown}
 d - a potion of heal wounds
 e - a potion of magic {unknown}
 f - 2 potions of cancellation
 h - 4 potions of curing
 n - a potion of resistance {unknown}
 q - a potion of flight {unknown}
 r - a potion of ambrosia {unknown}
 t - a potion of haste {unknown}


   Skills:
 - Level 3.1 Fighting
 * Level 5.3 Staves
 - Level 2.4 Dodging
 - Level 4.2 Unarmed Combat


You had 6 spell levels left.
You didn't know any spells.
Your spell library contained the following spells:

 Spells                   Type           Power      Damage    Failure   Level
 Sublimation of Blood     Necr           0%         N/A       67%         2
 Wereblood                Tmut           0%         N/A       67%         2
 Summon Hydra             Summ           0%         N/A       100%        7


Dungeon Overview and Level Annotations

Branches:
Dungeon (5/15)             Temple (1/1) D:5

Altars:
Ashenzari
Cheibriados
Dithmenos
Fedhas
Gozag
Hepliaklqana
Kikubaaqudgha
Makhleb
Nemelex Xobeh
Qazlal
Sif Muna
Uskayaw
Wu Jian
Xom
Yredelemnul
The Shining One

Shops:
D:4 !   D:5 (


Innate Abilities, Weirdness & Mutations

You are too large for most types of armour.
You have claws for hands.
Your natural rate of healing is unusually fast.
You are covered in fur. (AC +1)
You have tough skin. (AC +1)


Message History

Beogh smites you!
The orc wizard shouts!
The polar bear rages.
You block the orc's attack. x2; The polar bear misses you.
The polar bear claws you.
The polar bear claws you but does no damage.
You thump the orc!
You kill the orc!
Makhleb accepts your kill. You block the orc's attack.
The polar bear misses you. The polar bear barely misses you.
The polar bear claws you.
The orc priest hits you but does no damage.
The polar bear bites you!! The polar bear claws you.
You block the polar bear's attack.
Things that are here:
a +0 dagger; an orc corpse You hit the orc priest.
The orc priest is lightly wounded.
The orc priest miscasts a cantrip.
The polar bear closely misses you.
The polar bear claws you but does no damage.
You block the polar bear's attack. x2; The polar bear misses you.
The polar bear closely misses you.
You hit the orc priest. You freeze the orc priest.
The orc priest is moderately wounded.
The polar bear bites you! You block the polar bear's attack.
The polar bear claws you.
* * * LOW HITPOINT WARNING * * *
The polar bear closely misses you. x2
The polar bear claws you but does no damage.
The polar bear bites you.
* * * LOW HITPOINT WARNING * * *
The polar bear claws you.
* * * LOW HITPOINT WARNING * * *
The polar bear barely misses you.
The orc priest invokes the aid of Beogh against you.
Beogh smites you!
* * * LOW HITPOINT WARNING * * *
The polar bear bites you!
You die...

#.....##.......................
#####..........................
####.......................
#.......................
###############.#..............
###.......h######................
..........h#....###......[)......
..#........#..oh###.......[......
#.#........'..hh@oo.........)....
#.#........#...h###..............
#.#........###### #..............
#.#........# #############..
#.#........# #.......####
#.########## #.......# # #.#
######.......# # #.#
#...##.......#### ...
#...##...........


You could see 3 polar bears, a black bear (berserk), an orc priest, an orc
wizard and an orc.

Vanquished Creatures
  A black bear (D:5)
  2 scorpions
  A jelly (D:4)
  An orc priest (D:4)
  Crazy Yiuf (D:2)
  2 hounds (D:4)
  An iguana (D:4)
  3 orc wizards (D:5)
  5 adders
  A worm (D:3)
  A dart slug (D:2)
  13 orcs
  6 endoplasms
  2 giant cockroaches
  6 goblins
  8 hobgoblins
  4 jackals (D:4)
  4 quokkas
  2 ball pythons (D:2)
  4 bats (D:2)
  A frilled lizard (D:2)
  4 kobolds
  2 rats (D:3)
75 creatures vanquished.

Vanquished Creatures (others)
  4 toadstools (D:2)
4 creatures vanquished.

Grand Total: 79 creatures vanquished

Notes
Turn   | Place    | Note
-------+----------+-------------------------------------------
     0 | D:1      | Danto the Troll Berserker began the quest for the Orb.
     0 | D:1      | Reached XP level 1. HP: 22/22 MP: 0/0
    44 | D:1      | You fall into a shaft and drop 1 floor!
   104 | D:2      | Reached XP level 2. HP: 27/29 MP: 1/1
   244 | D:2      | Reached ** piety under Trog
   315 | D:2      | Reached XP level 3. HP: 32/36 MP: 2/2
   362 | D:2      | Found a runed translucent door.
   363 | D:2      | Noticed Crazy Yiuf
   373 | D:2      | Killed Crazy Yiuf
   384 | D:2      | Identified the +6 hammer of Qazlal's Supremacy {vamp,
                  | rPois}
   807 | D:2      | Reached XP level 4. HP: 45/45 MP: 3/3
  1014 | D:4      | Reached skill level 1 in Staves
  1048 | D:4      | Found Ythriz's Distillery.
  1063 | D:4      | Bought a potion of curing for 42 gold pieces
  1063 | D:4      | Bought a potion of curing for 42 gold pieces
  1166 | D:4      | Reached skill level 2 in Staves
  1340 | D:4      | Reached XP level 5. HP: 51/53 MP: 4/4
  1476 | D:4      | Reached skill level 3 in Staves
  1620 | D:4      | Identified the +2 robe of the Lizard {rN+ Str+2 Dex+2}
  1808 | D:4      | Reached skill level 4 in Staves
  1808 | D:4      | Reached XP level 6. HP: 61/61 MP: 5/5
  1818 | D:5      | Entered Level 5 of the Dungeon
  2150 | D:5      | Reached *** piety under Trog
  2151 | D:5      | Reached skill level 5 in Staves
  2175 | D:5      | Found Itougror's Weapon Shop.
  2181 | D:5      | Reached XP level 7. HP: 67/67 MP: 6/6
  2192 | D:5      | Found a staircase to the Ecumenical Temple.
  2211 | Temple   | Entered the Ecumenical Temple
  2295 | Temple   | Fell from the grace of Trog
  2295 | Temple   | Became a worshipper of Makhleb the Destroyer
  2581 | D:5      | Noticed a polar bear
  2581 | D:5      | Noticed a polar bear
  2581 | D:5      | Noticed a polar bear
  2589 | D:5      | HP: 2/67 [orc priest/divine providence (11)]
  2589 | D:5      | Mangled by a polar bear

Illustrated notes

Levels and vault maps discovered:
D:1:      heliophobic_arrival_ceremonial_halls, layout_loops_ring,
          ebering_ecumenical_altar_box, hangedman_decor_push
D:2:      layout_loops_ring, minmay_gold_behind_fungi, uniq_crazy_yiuf_cottage
D:3:      layout_basic, minmay_fractal_squares_5
D:4:      layout_loops_cross, serial_shops, shop
D:5:      layout_basic, minmay_temple_entry_statues, serial_shops,
          shop_fountains
Temple:   nicolae_temple_bog_church

Skill      XL: |  1  2  3  4  5  6 |
---------------+-------------------+-----
Fighting       | 3 |  3.1
Unarmed Combat | 4 |  4.2
Staves         | 2 4 5 |  5.3
Dodging        | |  2.4

Action                   |  1- 3 |  4- 6 |  7- 9 || total
-------------------------+-------+-------+-------++-------
Melee: Unarmed           |    67 |       |       ||    67
       Quarterstaff      |    10 |   118 |    11 ||   139
Invok: Berserk           |     1 |     2 |       ||     3
       Trog's Hand       |       |     1 |       ||     1
  Use: Scroll            |       |     9 |       ||     9
       Potion            |       |     1 |       ||     1
 Stab: Sleeping          |     1 |     1 |       ||     2
Armor: Animal skin       |    26 |    16 |       ||    42
       Robe              |       |    31 |     7 ||    38
Dodge: Dodged            |    35 |    92 |    15 ||   142
Block: Other             |     5 |    29 |    10 ||    44
       Reflection        |       |     1 |       ||     1
